[Event "ICC tourney 2329 (3 2)"]
[Site "Internet Chess Club"]
[Date "2021.01.22"]
[Round "7"]
[White "michaelxiao"]
[Black "ChiefDas"]
[Result "1/2-1/2"]
[ICCResult "Game drawn by mutual agreement"]
[WhiteElo "1336"]
[BlackElo "1857"]
[Opening "Sicilian: Alapin's variation (2.c3)"]
[ECO "B22"]
[NIC "SI.46"]
[Time "23:26:06"]
[PlyCount "117"]
[TimeControl "180+2"]

1. e4 c5 2. c3 d6 3. d4 cxd4 4. cxd4 Nf6 5. Nc3 Nc6 6. Nf3 e6 7. Bb5 Bd7 8.
Bxc6 Bxc6 9. d5 exd5 10. exd5 Bd7 11. O-O Be7 12. Re1 O-O 13. Bg5 Re8 14.
Nd4 Nxd5 15. Bxe7 Nxc3 16. Bxd8 Nxd1 17. Rxe8+ Bxe8 18. Rxd1 Rxd8 19. Nf5
d5 20. Ne7+ Kf8 21. Nxd5 Bc6 22. Nc3 Rxd1+ 23. Nxd1 Ke7 24. Nc3 Ke6 25. g3
a6 26. Kf1 Kd6 27. Ke2 h6 28. Kd3 g6 29. a3 f6 30. Ne4+ Ke5 31. f4+ Ke6 32.
Nc5+ Kd6 33. Ne4+ Ke6 34. Nc5+ Kf5 35. h3 Bb5+ 36. Ke3 h5 37. Nxb7 Ke6 38.
Nc5+ Kd5 39. b4 a5 40. Kd2 axb4 41. axb4 Kc4 42. Ne4 f5 43. Nd6+ Kxb4 44.
Nxb5 Kxb5 45. Kd3 Kc5 46. Ke3 Kc4 47. Kf3 Kd3 48. g4 hxg4+ 49. hxg4 Kd4 50.
gxf5 gxf5 51. Kg3 Ke3 52. Kg2 Kxf4 53. Kf2 Kg4 54. Kg2 f4 55. Kf2 f3 56.
Kf1 Kf4 57. Kf2 Ke4 58. Kf1 Ke3 59. Ke1 { Game drawn by mutual agreement }
1/2-1/2

[Event "ICC tourney 2329 (3 2)"]
[Site "Internet Chess Club"]
[Date "2021.01.22"]
[Round "7"]
[White "Averyyu321"]
[Black "Ayushb"]
[Result "0-1"]
[ICCResult "White checkmated"]
[WhiteElo "1713"]
[BlackElo "1769"]
[Opening "Giuoco Pianissimo"]
[ECO "C50"]
[NIC "IG.02"]
[Time "23:26:00"]
[PlyCount "122"]
[TimeControl "180+2"]

1. e4 e5 2. Nf3 Nc6 3. Bc4 Bc5 4. d3 h6 5. c3 Bb6 6. Nbd2 Nf6 7. O-O O-O 8.
Re1 d6 9. Bb3 Bg4 10. h3 Bh5 11. Bc2 Re8 12. Nf1 Bg6 13. Ng3 d5 14. Qe2
dxe4 15. Nxe4 Nxe4 16. dxe4 Qe7 17. Be3 Rad8 18. Rad1 Bh5 19. Bxb6 axb6 20.
Qe3 Na5 21. b3 Nc6 22. Bd3 Qa3 23. Re2 Rd6 24. g4 Bg6 25. Nh4 Bh7 26. Nf5
Bxf5 27. exf5 Red8 28. Red2 Qc5 29. c4 Qxe3 30. fxe3 e4 31. Kf2 Rxd3 32.
Rxd3 exd3 33. e4 Ne5 34. Ke3 f6 35. a3 Kf7 36. Rd2 Ke7 37. Rd1 Kd6 38. Rd2
Kc5 39. Rd1 b5 40. cxb5 Kxb5 41. Rc1 c5 42. Rd1 c4 43. b4 Ka4 44. Kd2 Kxa3
45. Kc3 Ka4 46. Ra1+ Kb5 47. Ra5+ Kb6 48. Ra2 Kc6 49. Rd2 Nf3 50. Rd1 Kb5
51. Ra1 d2 52. Rd1 Ng5 53. Rxd2 Nxe4+ 54. Kc2 Rxd2+ 55. Kc1 Kxb4 56. g5
fxg5 57. h4 gxh4 58. f6 gxf6 59. Kb1 h3 60. Kc1 h2 61. Kb1 h1=R# { White
checkmated } 0-1

[Event "ICC tourney 2329 (3 2)"]
[Site "Internet Chess Club"]
[Date "2021.01.22"]
[Round "7"]
[White "woochess"]
[Black "Openyagami"]
[Result "1-0"]
[ICCResult "Black resigns"]
[WhiteElo "2595"]
[BlackElo "2606"]
[Opening "Grünfeld: Three knights variation"]
[ECO "D90"]
[NIC "GI.07"]
[Time "23:25:53"]
[PlyCount "107"]
[TimeControl "180+2"]

1. d4 Nf6 2. Nf3 g6 3. c4 Bg7 4. Nc3 d5 5. h4 c6 6. Bg5 Ne4 7. cxd5 Nxc3 8.
bxc3 cxd5 9. h5 h6 10. Bf4 g5 11. Be5 f6 12. Bg3 Nc6 13. e3 e5 14. dxe5
fxe5 15. Bb5 O-O 16. Bxc6 bxc6 17. Nxe5 Qe8 18. Ng6 Bxc3+ 19. Kf1 Rf7 20.
Rc1 Bg7 21. Qa4 Qxe3 22. Qxc6 Bb7 23. Qc2 Qxg3 24. Ne7+ Kf8 25. Ng6+ Kg8
26. Ne7+ Kf8 27. Ng6+ Ke8 28. Qa4+ Kd8 29. Qa5+ Kd7 30. Qb5+ Kd8 31. Qa5+
Kd7 32. Qb5+ Ke6 33. Rc6+ Bxc6 34. Qxc6+ Qd6 35. Qxa8 Qb6 36. Qe8+ Kd6 37.
Qxf7 Qb1+ 38. Ke2 Qe4+ 39. Kd2 Qd4+ 40. Ke1 Qe4+ 41. Kf1 Qb1+ 42. Ke2 Qe4+
43. Kd2 Qd4+ 44. Ke2 Qe4+ 45. Kd2 Qd4+ 46. Ke1 Qb4+ 47. Kf1 Qb1+ 48. Ke2
Qc2+ 49. Kf3 Bd4 50. Qe7+ Kc6 51. Ne5+ Kb6 52. Qb4+ Kc7 53. Qxd4 Qf5+ 54.
Kg3 { Black resigns } 1-0

[Event "ICC tourney 2329 (3 2)"]
[Site "Internet Chess Club"]
[Date "2021.01.22"]
[Round "7"]
[White "yogokings12"]
[Black "avocuddle"]
[Result "1-0"]
[ICCResult "Black checkmated"]
[WhiteElo "1573"]
[BlackElo "1961"]
[Opening "Caro-Kann: classical, Spassky variation"]
[ECO "B19"]
[NIC "CK.12"]
[Time "23:25:58"]
[PlyCount "151"]
[TimeControl "180+2"]

1. e4 c6 2. d4 d5 3. Nc3 dxe4 4. Nxe4 Bf5 5. Ng3 Bg6 6. h4 h6 7. Nf3 Nd7 8.
h5 Bh7 9. Bd3 Bxd3 10. Qxd3 Ngf6 11. Bd2 e6 12. O-O-O Be7 13. Kb1 O-O 14.
Ne4 Nxe4 15. Qxe4 Nf6 16. Qd3 Qd5 17. g4 Nxg4 18. Qe2 Nf6 19. Rdg1 Kh8 20.
Ne5 Qe4 21. Qc4 Qd5 22. Qe2 Qe4 23. Qc4 Qd5 24. Qe2 Qxd4 25. Bc3 Qe4 26.
Qf1 Bb4 27. f3 Qf4 28. Qg2 Ne8 29. Nd3 Qg5 30. Nxb4 Qxg2 31. Rxg2 f6 32.
Nd3 a5 33. Nc5 e5 34. Nxb7 a4 35. a3 Nc7 36. Rhg1 Rf7 37. Nd6 Rd7 38. Nf5
Ne8 39. Kc1 Rad8 40. Rd2 Nc7 41. Rgd1 Nd5 42. Bb4 Nb6 43. Rxd7 Rxd7 44.
Rxd7 Nxd7 45. Kd2 Kg8 46. Ne7+ Kf7 47. Nxc6 Ke6 48. Ke3 f5 49. c4 f4+ 50.
Ke4 Nf6+ 51. Kd3 Nxh5 52. Nd8+ Kd7 53. Nf7 Nf6 54. Nxe5+ Ke6 55. Ng4 Kf5
56. Nxf6 gxf6 57. c5 h5 58. Be1 Ke6 59. Ke4 f5+ 60. Kxf4 Kd5 61. Kxf5 Kxc5
62. Kg5 Kc4 63. Kxh5 Kb3 64. Bc3 Kc4 65. f4 Kd5 66. Kg6 Kc4 67. f5 Kb3 68.
f6 Ka2 69. f7 Kb3 70. f8=Q Ka2 71. Qf7+ Kb1 72. Qf5+ Ka2 73. Qb5 Kb1 74.
Qxa4 Ka2 75. Qc2 Ka1 76. b4# { Black checkmated } 1-0

[Event "ICC tourney 2329 (3 2)"]
[Site "Internet Chess Club"]
[Date "2021.01.22"]
[Round "7"]
[White "Kinawa"]
[Black "JDD01"]
[Result "0-1"]
[ICCResult "White checkmated"]
[WhiteElo "1535"]
[BlackElo "1817"]
[Opening "Sicilian: accelerated fianchetto, exchange variation"]
[ECO "B34"]
[NIC "SI.33"]
[Time "23:26:03"]
[PlyCount "142"]
[TimeControl "180+2"]

1. e4 c5 2. Nf3 Nc6 3. d4 cxd4 4. Nxd4 g6 5. Nxc6 bxc6 6. Qd4 Nf6 7. e5 Nd5
8. c4 Nb6 9. Nc3 Bg7 10. f4 O-O 11. Be2 d6 12. Qe4 dxe5 13. fxe5 Bf5 14.
Qf3 Bxe5 15. Be3 Qc7 16. g3 Rad8 17. O-O Bh3 18. Rf2 h5 19. Bh6 Bg4 20. Qe4
Bf5 21. Qg2 Rfe8 22. Ne4 Kh7 23. Bf4 Rd4 24. Bxe5 Qxe5 25. Ng5+ Kg8 26. Nf3
Qf6 27. Nxd4 Qxd4 28. Rd1 Qxb2 29. Bxh5 Qe5 30. Bf3 Nxc4 31. Re2 Qc5+ 32.
Qf2 Qxf2+ 33. Kxf2 c5 34. Bc6 Rc8 35. Bb5 Nd6 36. Bd3 Bxd3 37. Rxd3 Kf8 38.
Rde3 Rc7 39. Rc3 c4 40. Rb2 Ne4+ 41. Ke3 Nxc3 42. Rb8+ Kg7 43. Kd2 Nxa2 44.
Kc2 c3 45. Rb3 a5 46. Ra3 Nb4+ 47. Kc1 c2 48. Rxa5 Nd3+ 49. Kd2 c1=Q+ 50.
Ke2 Qc2+ 51. Kf3 Qc6+ 52. Ke2 Qe6+ 53. Kd2 Qe1+ 54. Kxd3 Qxa5 55. Ke4 Qf5+
56. Ke3 Rc3+ 57. Kd2 Qd5+ 58. Kxc3 Qg2 59. h4 Qxg3+ 60. Kd4 Qxh4+ 61. Ke3
g5 62. Kf3 g4+ 63. Kg2 Qh3+ 64. Kg1 Qa3 65. Kh1 g3 66. Kg2 Qb3 67. Kg1 Qe3+
68. Kg2 Qf2+ 69. Kh3 g2 70. Kh2 g1=Q+ 71. Kh3 Qgg3# { White checkmated }
0-1

[Event "ICC tourney 2329 (3 2)"]
[Site "Internet Chess Club"]
[Date "2021.01.22"]
[Round "7"]
[White "Kyle45"]
[Black "clair"]
[Result "1/2-1/2"]
[ICCResult "Game drawn by repetition"]
[WhiteElo "1100"]
[BlackElo "1681"]
[Opening "Robatsch (modern) defense"]
[ECO "B06"]
[NIC "KF.06"]
[Time "23:25:53"]
[PlyCount "144"]
[TimeControl "180+2"]

1. e4 g6 2. Nf3 Bg7 3. d4 e6 4. c4 Ne7 5. Nc3 d5 6. e5 c5 7. dxc5 Nbc6 8.
cxd5 exd5 9. Bf4 Bg4 10. Bb5 O-O 11. Bxc6 bxc6 12. O-O Qa5 13. h3 Bxf3 14.
Qxf3 Qxc5 15. Rac1 Qb4 16. b3 Rac8 17. Na4 Nf5 18. Rfd1 a5 19. Bd2 Qb5 20.
Bc3 Rfe8 21. Qf4 Bh6 22. Qf3 Bxc1 23. Rxc1 d4 24. Ba1 c5 25. Qf4 Qb4 26. g4
Ne7 27. Kg2 Nd5 28. Qe4 Nc3 29. Nxc3 dxc3 30. Qd5 Qd4 31. Qb7 Qxe5 32. Bxc3
Qe4+ 33. Qxe4 Rxe4 34. Bxa5 f5 35. b4 c4 36. b5 fxg4 37. hxg4 Rxg4+ 38. Kf3
h5 39. b6 Rb8 40. a4 Rg5 41. Bb4 Rxb6 42. Be7 Rf5+ 43. Ke3 Rc6 44. Kd4 Kf7
45. Bb4 Rxf2 46. a5 Rd2+ 47. Bxd2 Ke6 48. Rxc4 Ra6 49. Ra4 h4 50. Kc5 g5
51. Kb5 Ra8 52. a6 g4 53. Kc6 h3 54. Bf4 Kf5 55. Bg3 Rh8 56. Kb7 h2 57.
Bxh2 Rxh2 58. a7 Rh8 59. a8=Q Rxa8 60. Rxa8 g3 61. Rf8+ Kg4 62. Rg8+ Kh3
63. Kc6 Kh2 64. Kd5 g2 65. Rh8+ Kg1 66. Ke4 Kf1 67. Rf8+ Ke2 68. Rg8 Kf2
69. Rf8+ Ke2 70. Rg8 Kf2 71. Rf8+ Ke2 72. Rg8 Kf2 { Game drawn by
repetition } 1/2-1/2

[Event "ICC tourney 2329 (3 2)"]
[Site "Internet Chess Club"]
[Date "2021.01.22"]
[Round "7"]
[White "BlueDuck"]
[Black "Kokosnuss1000"]
[Result "1/2-1/2"]
[ICCResult "Game drawn because neither player has mating material"]
[WhiteElo "980"]
[BlackElo "1650"]
[Opening "King's gambit"]
[ECO "C30"]
[NIC "KG.05"]
[Time "23:26:01"]
[PlyCount "171"]
[TimeControl "180+2"]

1. e4 e5 2. f4 d6 3. Nf3 Nc6 4. h3 Nf6 5. Nc3 Be7 6. Bc4 exf4 7. d3 O-O 8.
O-O Be6 9. Bb3 Nh5 10. Nh2 Ng3 11. Rxf4 d5 12. exd5 Bc5+ 13. d4 g5 14. dxc5
gxf4 15. dxe6 fxe6 16. Qg4+ Kh8 17. Bxf4 Rg8 18. Qxe6 Ne2+ 19. Nxe2 Re8 20.
Qg4 Rg8 21. Qf3 Nd4 22. Qc3 Rg7 23. Nxd4 Qh4 24. Qe3 Rf8 25. Ndf3 Qxf4 26.
Qxf4 Rxf4 27. Rf1 Rff7 28. Ng4 Rf8 29. Kf2 Re8 30. Re1 Rge7 31. Rxe7 Rxe7
32. Bc4 Re4 33. Bd3 Ra4 34. a3 Ra5 35. b4 Rxa3 36. Nge5 b6 37. c6 Rc3 38.
Bb5 Ra3 39. Kg3 a6 40. Bd3 a5 41. Nc4 Ra2 42. Nxa5 bxa5 43. bxa5 Rxa5 44.
Nd4 Ra2 45. Nb3 Ra5 46. Kf4 Rc5 47. Ke4 Rxc6 48. Kd4 Rd6+ 49. Kc5 Kg7 50.
Nd4 Kf7 51. Nb5 Rb6 52. Nxc7 Rb8 53. Bc4+ Ke7 54. Nd5+ Kd7 55. Kd4 Rc8 56.
c3 Kd6 57. Ne3 Rd8 58. Kd3 Ke5+ 59. Kc2 Ke4 60. Ng4 Rc8 61. Nf6+ Ke5 62.
Nxh7 Rxc4 63. g4 Rc7 64. Ng5 Rg7 65. Nf3+ Kf4 66. Ng1 Kg3 67. c4 Rc7 68.
Kc3 Rf7 69. Kd4 Rf4+ 70. Kc5 Rf6 71. Kb5 Rf1 72. Ne2+ Kxh3 73. Nd4 Rb1+ 74.
Kc6 Kxg4 75. c5 Rb8 76. Ne6 Rc8+ 77. Nc7 Kf5 78. Kb7 Rf8 79. c6 Rf7 80. Kb8
Rf8+ 81. Kb7 Ke5 82. Kb6 Kd6 83. Nb5+ Kd5 84. c7 Rc8 85. Kb7 Rxc7+ 86.
Nxc7+ { Game drawn because neither player has mating material } 1/2-1/2

[Event "ICC tourney 2329 (3 2)"]
[Site "Internet Chess Club"]
[Date "2021.01.22"]
[Round "8"]
[White "Assured"]
[Black "GGuseinov"]
[Result "1/2-1/2"]
[ICCResult "Game drawn by mutual agreement"]
[WhiteElo "2577"]
[BlackElo "2715"]
[Opening "King's Indian: Torre attack"]
[ECO "A48"]
[NIC "QP.01"]
[Time "23:43:02"]
[PlyCount "48"]
[TimeControl "180+2"]

1. d4 Nf6 2. Nf3 g6 3. Bg5 Bg7 4. Nbd2 O-O 5. c3 d6 6. e4 b6 7. Bd3 Bb7 8.
O-O Nbd7 9. Re1 e5 10. h3 a6 11. a4 Qe8 12. Qc2 Nh5 13. Be3 Qe7 14. Rad1 h6
15. dxe5 dxe5 16. Bc4 Nc5 17. Bd5 c6 18. Ba2 b5 19. b4 Nxa4 20. Bb3 Rfd8
21. Bxa4 bxa4 22. Nc4 Nf4 23. Bc5 Qe6 24. Na5 Rxd1 { Game drawn by mutual
agreement } 1/2-1/2

[Event "ICC tourney 2329 (3 2)"]
[Site "Internet Chess Club"]
[Date "2021.01.22"]
[Round "8"]
[White "Ben2008"]
[Black "ASharikov"]
[Result "0-1"]
[ICCResult "White forfeits on time"]
[WhiteElo "1900"]
[BlackElo "2281"]
[Opening "French: exchange variation"]
[ECO "C01"]
[NIC "FR.01"]
[Time "23:43:07"]
[PlyCount "46"]
[TimeControl "180+2"]

1. e4 e6 2. d4 d5 3. exd5 exd5 4. Nf3 Nc6 5. c3 Bg4 6. Be2 Bd6 7. O-O Nge7
8. h3 Bh5 9. Bg5 f6 10. Be3 Qd7 11. Nbd2 O-O-O 12. b4 g5 13. b5 Na5 14. Qa4
g4 15. hxg4 Qxg4 16. Rfb1 Rhg8 17. Bf1 Qf5 18. Qxa5 Bxf3 19. Nxf3 Qxf3 20.
Qxa7 Nf5 21. Re1 Nh4 22. g3 Bxg3 23. Bh3+ f5 { White forfeits on time } 0-1

[Event "ICC tourney 2329 (3 2)"]
[Site "Internet Chess Club"]
[Date "2021.01.22"]
[Round "8"]
[White "HR2005"]
[Black "BMWHero"]
[Result "0-1"]
[ICCResult "White resigns"]
[WhiteElo "2041"]
[BlackElo "2580"]
[Opening "Sicilian: Sozin, 7.Be3"]
[ECO "B89"]
[NIC "SI.26"]
[Time "23:43:49"]
[PlyCount "78"]
[TimeControl "180+2"]

1. e4 c5 2. Nf3 Nc6 3. d4 cxd4 4. Nxd4 Nf6 5. Nc3 d6 6. Bc4 e6 7. Be3 Be7
8. O-O O-O 9. f4 d5 10. Nxc6 bxc6 11. exd5 exd5 12. Be2 Re8 13. Kh1 Rb8 14.
b3 Bb4 15. Bd4 Bf5 16. Bd3 Bg4 17. Qd2 c5 18. Be5 d4 19. Bxb8 Bxc3 20. Qf2
Qxb8 21. Rac1 g6 22. h3 Bf5 23. Bxf5 gxf5 24. Rcd1 Ne4 25. Qf3 Kh8 26. Rd3
Rg8 27. g4 Qd6 28. Rg1 Qd5 29. Kh2 Nf6 30. Qe2 fxg4 31. hxg4 Re8 32. Qf2
Qe4 33. g5 Nd5 34. Qh4 Nxf4 35. Rdg3 Qxc2+ 36. Kh1 Qe4+ 37. Kh2 Ng6 38. Qh3
d3 39. Rxd3 Nf4 { White resigns } 0-1

[Event "ICC tourney 2329 (3 2)"]
[Site "Internet Chess Club"]
[Date "2021.01.22"]
[Round "8"]
[White "BreatheChessAls"]
[Black "Purushottam123"]
[Result "1-0"]
[ICCResult "Black resigns"]
[WhiteElo "1915"]
[BlackElo "1700"]
[Opening "Queen's pawn, Mason variation, Steinitz counter-gambit"]
[ECO "D00"]
[NIC "QP.08"]
[Time "23:43:02"]
[PlyCount "77"]
[TimeControl "180+2"]

1. d4 d5 2. Bf4 c5 3. e3 Nc6 4. c3 Bf5 5. Qb3 Qd7 6. Nd2 c4 7. Qd1 Nf6 8.
Ngf3 e6 9. Ne5 Nxe5 10. Bxe5 Be7 11. Be2 O-O 12. O-O Ne4 13. Nxe4 Bxe4 14.
Bf3 Bg6 15. Re1 Bd6 16. Bxd6 Qxd6 17. e4 Rfe8 18. exd5 exd5 19. Qa4 Re6 20.
Rxe6 Qxe6 21. Qb5 Re8 22. h3 Be4 23. Bxe4 Qxe4 24. Qxb7 Qe2 25. Rf1 h6 26.
Qxd5 Qxb2 27. Qxc4 Re2 28. d5 Rc2 29. Qc8+ Kh7 30. d6 Rd2 31. d7 Qb6 32. c4
Qd6 33. c5 Qxd7 34. Qa6 Qc7 35. c6 g6 36. Rc1 Qf4 37. Qf1 Qc7 38. Qc4 Qf4
39. Qxf4 { Black resigns } 1-0

[Event "ICC tourney 2329 (3 2)"]
[Site "Internet Chess Club"]
[Date "2021.01.22"]
[Round "8"]
[White "Ayushb"]
[Black "DualMoneytime"]
[Result "0-1"]
[ICCResult "White resigns"]
[WhiteElo "1769"]
[BlackElo "1982"]
[Opening "French: exchange variation"]
[ECO "C01"]
[NIC "FR.01"]
[Time "23:43:09"]
[PlyCount "68"]
[TimeControl "180+2"]

1. e4 e6 2. d4 d5 3. exd5 exd5 4. Bd3 Bd6 5. Nf3 Bg4 6. c3 Nc6 7. O-O Nge7
8. Bg5 f6 9. Bh4 Qd7 10. b4 O-O-O 11. a4 g5 12. Bg3 h5 13. Bxd6 Qxd6 14.
Nbd2 h4 15. a5 Bf5 16. Bxf5+ Nxf5 17. b5 Nce7 18. b6 a6 19. bxc7 Qxc7 20.
c4 g4 21. cxd5 Kb8 22. Ne1 g3 23. h3 gxf2+ 24. Rxf2 Rhg8 25. Qc2 Qxc2 26.
Nxc2 Rxd5 27. Ne4 Rg6 28. Rb1 Rxa5 29. Nc5 Nd6 30. Nd7+ Kc7 31. Nxf6 Nef5
32. Ng4 Ne4 33. Rf4 Nc3 34. Rb4 Ne2+ { White resigns } 0-1

[Event "ICC tourney 2329 (3 2)"]
[Site "Internet Chess Club"]
[Date "2021.01.22"]
[Round "8"]
[White "yuanbao2007"]
[Black "PearsonH"]
[Result "1-0"]
[ICCResult "Black resigns"]
[WhiteElo "1664"]
[BlackElo "1752"]
[Opening "QGD: classical variation (5.Bf4)"]
[ECO "D37"]
[NIC "QO.04"]
[Time "23:43:05"]
[PlyCount "61"]
[TimeControl "180+2"]

1. d4 e6 2. c4 d5 3. Nf3 Nf6 4. Nc3 Be7 5. Bf4 O-O 6. e3 a6 7. h3 Nbd7 8.
c5 b6 9. b4 a5 10. c6 Nb8 11. b5 Bb4 12. Qc2 a4 13. Bd3 Qe7 14. O-O a3 15.
Ne5 h6 16. Rab1 Bd6 17. Ne2 Nh5 18. Bh2 Qd8 19. f3 Qe7 20. e4 dxe4 21. fxe4
Bxe5 22. Bxe5 f6 23. Bh2 g5 24. d5 exd5 25. exd5 Qe3+ 26. Kh1 f5 27. Rbe1
f4 28. Nxf4 Ng3+ 29. Bxg3 Qxg3 30. Bh7+ Kg7 31. Nh5+ { Black resigns } 1-0

[Event "ICC tourney 2329 (3 2)"]
[Site "Internet Chess Club"]
[Date "2021.01.22"]
[Round "8"]
[White "Drachekokosnuss"]
[Black "Zapateado"]
[Result "0-1"]
[ICCResult "White checkmated"]
[WhiteElo "2100"]
[BlackElo "1908"]
[Opening "Sicilian: accelerated fianchetto, modern variation with Bc4"]
[ECO "B35"]
[NIC "SI.33"]
[Time "23:43:28"]
[PlyCount "56"]
[TimeControl "180+2"]

1. e4 c5 2. Nf3 g6 3. d4 cxd4 4. Nxd4 Nc6 5. Nc3 Bg7 6. Be3 Nf6 7. Bc4 O-O
8. Bb3 a5 9. f3 d5 10. exd5 Nb4 11. Qd2 Nbxd5 12. O-O-O Nxe3 13. Qxe3 Qb6
14. h4 e5 15. Nf5 Qxe3+ 16. Nxe3 Nh5 17. Ned5 Ng3 18. Rhe1 h5 19. Ne4 Nxe4
20. fxe4 Bg4 21. Rd3 Kh7 22. Kb1 b5 23. a4 f5 24. Rd2 bxa4 25. Bxa4 Rad8
26. Kc1 fxe4 27. Rxe4 Rf1+ 28. Rd1 Rxd1# { White checkmated } 0-1

[Event "ICC tourney 2329 (3 2)"]
[Site "Internet Chess Club"]
[Date "2021.01.22"]
[Round "8"]
[White "stephenwilly"]
[Black "Averyyu321"]
[Result "1-0"]
[ICCResult "Black checkmated"]
[WhiteElo "1460"]
[BlackElo "1713"]
[Opening "Sicilian: Alapin's variation (2.c3)"]
[ECO "B22"]
[NIC "SI.46"]
[Time "23:43:05"]
[PlyCount "97"]
[TimeControl "180+2"]

1. e4 c5 2. c3 d6 3. d4 cxd4 4. cxd4 Nf6 5. Nc3 g6 6. Bb5+ Nbd7 7. e5 dxe5
8. dxe5 Ng8 9. Nf3 Bg7 10. O-O a6 11. Ba4 b5 12. Bb3 Nxe5 13. Nxe5 Bxe5 14.
Bxf7+ Kxf7 15. Qxd8 Nf6 16. Qxh8 Bb7 17. Qxa8 Bxa8 18. Be3 Ng4 19. h3 Nf6
20. f4 Bd6 21. Rad1 Nh5 22. f5 Ng3 23. fxg6+ Kxg6 24. Rf3 Nf5 25. Nd5 e6
26. Nf4+ Bxf4 27. Rxf4 Nxe3 28. Re1 Nxg2 29. Rxe6+ Kg5 30. Rg4+ Kf5 31.
Rxa6 Bb7 32. Rb6 Bf3 33. Rxg2 Bxg2 34. Kxg2 Ke4 35. Rxb5 Kd3 36. a4 Kc4 37.
b4 Kb3 38. a5 Ka4 39. Rb8 h5 40. a6 h4 41. a7 Kb3 42. a8=Q Kb2 43. Qe4 Ka2
44. Ra8+ Kb3 45. Qd3+ Kb2 46. Qa3+ Kb1 47. Qa2+ Kc1 48. Rf8 Kd1 49. Rf1# {
Black checkmated } 1-0

[Event "ICC tourney 2329 (3 2)"]
[Site "Internet Chess Club"]
[Date "2021.01.22"]
[Round "8"]
[White "Gnanathan"]
[Black "al68067"]
[Result "1/2-1/2"]
[ICCResult "Game drawn because neither player has mating material"]
[WhiteElo "1101"]
[BlackElo "1155"]
[Opening "Scandinavian (center counter) defense"]
[ECO "B01"]
[NIC "SD.01"]
[Time "23:43:57"]
[PlyCount "92"]
[TimeControl "180+2"]

1. e4 d5 2. exd5 Qxd5 3. Nc3 Qa5 4. d4 c6 5. Nf3 Bg4 6. Be2 Nf6 7. O-O Nbd7
8. h3 Bh5 9. Bf4 e6 10. Ne5 Bxe2 11. Qxe2 Nxe5 12. Qxe5 Qxe5 13. dxe5 Nd5
14. Nxd5 cxd5 15. Rac1 Rc8 16. b3 Be7 17. c4 dxc4 18. Rxc4 O-O 19. Rfc1
Rxc4 20. Rxc4 b6 21. Rc7 a5 22. Rxe7 Rc8 23. Rb7 h6 24. Rxb6 Rc2 25. b4
axb4 26. Rxb4 Rxa2 27. Rb8+ Kh7 28. Rb7 Kg6 29. f3 Rc2 30. Kh2 f6 31. exf6
Kxf6 32. Be3 Re2 33. Bd4+ e5 34. Rb6+ Kf5 35. Rb5 h5 36. Rxe5+ Rxe5 37.
Bxe5 Kxe5 38. Kg3 Kf5 39. Kh4 g6 40. g4+ hxg4 41. fxg4+ Kf6 42. g5+ Kf5 43.
Kg3 Kxg5 44. h4+ Kh5 45. Kh3 g5 46. hxg5 Kxg5 { Game drawn because neither
player has mating material } 1/2-1/2

[Event "ICC tourney 2329 (3 2)"]
[Site "Internet Chess Club"]
[Date "2021.01.22"]
[Round "8"]
[White "Shakhmatova"]
[Black "Kinawa"]
[Result "1-0"]
[ICCResult "Black checkmated"]
[WhiteElo "1756"]
[BlackElo "1535"]
[Opening "Caro-Kann defense"]
[ECO "B10"]
[NIC "CK.01"]
[Time "23:43:21"]
[PlyCount "67"]
[TimeControl "180+2"]

1. e4 c6 2. Nf3 d5 3. e5 c5 4. c3 Bg4 5. Qa4+ Bd7 6. Qb3 e6 7. d4 Nc6 8.
Qxb7 Rb8 9. Qa6 Nge7 10. Qd3 Ng6 11. Be2 Nf4 12. Bxf4 Rxb2 13. Nbd2 c4 14.
Qe3 Ne7 15. g4 h5 16. Ng5 hxg4 17. Bxg4 Ng6 18. Ndf3 Be7 19. h4 Qb6 20. O-O
Qd8 21. Bg3 Bxg5 22. hxg5 O-O 23. Kg2 Qa5 24. Rh1 Rc2 25. Nh4 Rxc3 26. Qe2
Ra3 27. Rh2 c3 28. Nxg6 fxg6 29. Qd3 Be8 30. Bxe6+ Bf7 31. Qxg6 Bxe6 32.
Qxe6+ Rf7 33. g6 Kf8 34. Qxf7# { Black checkmated } 1-0

[Event "ICC tourney 2329 (3 2)"]
[Site "Internet Chess Club"]
[Date "2021.01.22"]
[Round "8"]
[White "jy2020"]
[Black "woochess"]
[Result "1/2-1/2"]
[ICCResult "Game drawn by repetition"]
[WhiteElo "2213"]
[BlackElo "2595"]
[Opening "Ruy Lopez: Anderssen variation"]
[ECO "C77"]
[NIC "RL.12"]
[Time "23:43:01"]
[PlyCount "85"]
[TimeControl "180+2"]

1. e4 e5 2. Nf3 Nc6 3. Bb5 a6 4. Ba4 Nf6 5. d3 b5 6. Bb3 Bb7 7. O-O Bc5 8.
Nc3 O-O 9. Nd5 Nxd5 10. Bxd5 d6 11. c3 Bb6 12. a4 Qd7 13. Be3 Bxe3 14. fxe3
Nd8 15. Bxb7 Nxb7 16. d4 Qc6 17. Qd3 Rfe8 18. Nd2 Na5 19. b3 bxa4 20. b4
Nb3 21. Nxb3 axb3 22. d5 Qb6 23. Rab1 a5 24. Rxb3 axb4 25. Rxb4 Qc5 26. Rb5
Qa7 27. Rfb1 Rab8 28. Rxb8 Rxb8 29. Rxb8+ Qxb8 30. h3 h5 31. Kh2 Qb3 32.
Kg3 g6 33. Kf3 Kg7 34. Kg3 g5 35. Kf2 Kg6 36. Kg3 Qa2 37. Qf1 f6 38. Qf5+
Kg7 39. Qd7+ Kg6 40. Qf5+ Kg7 41. Qd7+ Kg6 42. Qf5+ Kg7 43. Qd7+ { Game
drawn by repetition } 1/2-1/2

[Event "ICC tourney 2329 (3 2)"]
[Site "Internet Chess Club"]
[Date "2021.01.22"]
[Round "8"]
[White "clair"]
[Black "muzikmixer"]
[Result "0-1"]
[ICCResult "White checkmated"]
[WhiteElo "1681"]
[BlackElo "1633"]
[Opening "Queen's Pawn"]
[ECO "A41"]
[NIC "QO.17"]
[Time "23:43:10"]
[PlyCount "118"]
[TimeControl "180+2"]

1. d4 d6 2. Bf4 c6 3. Nc3 Qa5 4. e3 e5 5. dxe5 dxe5 6. Bg3 Be6 7. Nf3 f6 8.
Be2 Bb4 9. Qd2 Bxc3 10. bxc3 Na6 11. O-O Rd8 12. Qc1 Nc5 13. Rd1 Rxd1+ 14.
Qxd1 Ke7 15. c4 Nh6 16. h3 Rd8 17. Qb1 Nf7 18. a3 b6 19. Qb4 Ke8 20. Qxa5
bxa5 21. Rb1 Rd7 22. Rb8+ Ke7 23. Ne1 Ne4 24. Rc8 Nc3 25. Kf1 Rd2 26. Bd3
Bxc8 27. Nf3 Rd1+ 28. Ne1 e4 29. Be2 Nxe2 30. Kxe2 Ra1 31. f3 exf3+ 32.
Nxf3 Rxa3 33. Nd4 Bd7 34. Nb3 a4 35. Nc5 Bc8 36. e4 Ra1 37. Bf2 Ne5 38. Nd3
Nxd3 39. cxd3 Ra2+ 40. Ke3 Rxf2 41. Kxf2 c5 42. Ke2 Kd6 43. Kd2 Ke5 44. Kc2
Kd4 45. Kb2 Kxd3 46. Ka3 Kxc4 47. Kxa4 Kc3 48. Kb5 c4 49. Kc5 Bb7 50. g4
Bxe4 51. h4 Kd3 52. g5 c3 53. gxf6 gxf6 54. Kb4 c2 55. h5 c1=Q 56. h6 Qc4+
57. Ka5 Qb3 58. Ka6 Kc4 59. Ka5 Qb5# { White checkmated } 0-1

[Event "ICC tourney 2329 (3 2)"]
[Site "Internet Chess Club"]
[Date "2021.01.22"]
[Round "8"]
[White "ved2006"]
[Black "ChiefDas"]
[Result "0-1"]
[ICCResult "White resigns"]
[WhiteElo "1686"]
[BlackElo "1857"]
[Opening "Queen's pawn game"]
[ECO "D04"]
[NIC "QP.08"]
[Time "23:43:43"]
[PlyCount "78"]
[TimeControl "180+2"]

1. d4 d5 2. Nf3 Nf6 3. e3 c5 4. c3 Nc6 5. Bb5 e6 6. Ne5 Qc7 7. Qa4 Bd7 8.
Nxd7 Nxd7 9. Nd2 Bd6 10. Nf3 O-O 11. O-O a6 12. Bd3 c4 13. Be2 e5 14. dxe5
Ndxe5 15. g3 b5 16. Qd1 Ne7 17. Nxe5 Bxe5 18. Bf3 Rad8 19. Qe2 Ng6 20. Rd1
Qc5 21. e4 d4 22. cxd4 Rxd4 23. Be3 Rxd1+ 24. Rxd1 Qb4 25. Bd4 h6 26. Bg2
Qa4 27. Bxe5 Nxe5 28. a3 Nd3 29. Qd2 Qb3 30. Rb1 Qa2 31. Qc2 Rd8 32. Bf1 a5
33. Bxd3 cxd3 34. Qc3 Qxb1+ 35. Kg2 d2 36. Qxa5 d1=Q 37. Qxb5 Qh1+ 38. Kh3
Qbf1+ 39. Kg4 Qxb5 { White resigns } 0-1